 Dungeon Crawl Stone Soup version 0.32-a0-558-g233958a4c4 (webtiles) character file.

Game seed: 11357375297421854305

42462 ForceOfNegation the Thaumaturge (level 13, 0/112 (113) HPs)
             Began as a Yellow Draconian Necromancer on Mar 1, 2024.
             Was an Elder of Vehumet.
             Slain by a spectral dire elephant (8 damage)
             ... on level 5 of the Lair of Beasts.
             The game lasted 00:38:23 (25983 turns).

ForceOfNegation the Thaumaturge (DrNe)             Turns: 25983, Time: 00:38:24

HP:   0/112 (113)   AC: 10    Str: 17    XL:     13   Next: 85%
MP:   3/31          EV: 23    Int: 20    God:    Vehumet [****..]
Gold: 1145          SH:  0    Dex: 18    Spells: 21/40 levels left

rFire   + . .        M - +1 dagger (venom)
rCold   + . .        (no shield)
rNeg    . . .        (body armour unavailable)
rPois   .            (helmet restricted)
rElec   .            y - scarf of Telastra {rC+ rF+, *Slow Dex+4 Slay+5}
rCorr   +            r - +0 pair of gloves
SInv    .            B - +0 pair of boots
Will    .....        (no amulet)
Stlth   ++++         F - +5 ring of evasion
HPRegen 0.38/turn    D - ring of Limitation {Str+6 Dex+2}
MPRegen 0.22/turn

%: slow self (1%)
@: lightly drained
A: caustic breath, AC +8, unfitting armour, cold-blooded, acid resistance
a: Caustic Breath, Renounce Religion


You were on level 5 of the Lair of Beasts.
You worshipped Vehumet.
Vehumet was greatly pleased with you.
You visited 3 branches of the dungeon, and saw 16 of its levels.

You collected 1217 gold pieces.
You spent 72 gold pieces at shops.

Inventory:

Hand Weapons
 t - a +0 short sword
 M - a +1 dagger of venom (weapon)
 P - a -1 demon whip of venom
Missiles
 x - 9 curare-tipped darts
 I - a throwing net
Armour
 r - a +0 pair of gloves (worn)
 y - the scarf of Telastra (worn) {rC+ rF+, *Slow Dex+4 Slay+5}
   (You found it on level 4 of the Dungeon)

   Dex+4:     It affects your dexterity (+4).
   Slay+5:    It affects your accuracy & damage with ranged weapons and melee
   (+5).
   *Slow:     It may slow you when you take damage.
 B - a +0 pair of boots (worn)
Jewellery
 b - a ring of ice
 v - a ring of protection from cold
 D - the ring of Limitation (right hand) {Str+6 Dex+2}
   (You found it on level 7 of the Dungeon)

   [ring of strength]

   Str+6:     It affects your strength (+6).
   Dex+2:     It affects your dexterity (+2).
 F - a +5 ring of evasion (left hand)
 G - a +6 ring of intelligence
 H - a ring of wizardry
 K - a +6 ring of intelligence
 L - a ring of flight
 O - a ring of ice
Wands
 E - a wand of flame (19)
 J - a wand of mindburst (9)
 N - a wand of paralysis (9)
 U - a wand of warping (9)
Scrolls
 f - 3 scrolls of immolation
 i - 5 scrolls of enchant weapon
 l - 4 scrolls of vulnerability {!r}
 m - 3 scrolls of enchant armour
 n - a scroll of teleportation {@r3}
 p - 3 scrolls of noise
 u - 2 scrolls of fog {@r2}
 w - 3 scrolls of amnesia
 C - 5 scrolls of revelation {@r5}
 S - 2 scrolls of poison
Potions
 a - a potion of magic
 c - a potion of berserk rage {unknown}
 d - a potion of lignification
 e - 2 potions of attraction
 g - 4 potions of haste {unknown}
 h - a potion of resistance {unknown}
 j - a potion of brilliance {unknown}
 o - 2 potions of degeneration {unknown}
 s - a potion of heal wounds {unknown}
 z - 3 potions of enlightenment {unknown}
 A - a potion of invisibility {unknown}
 T - a potion of mutation {unknown}
 V - a potion of cancellation {unknown}
Miscellaneous
 R - a phial of floods


   Skills:
 - Level 10.0 Fighting
 - Level 10.0 Dodging
 - Level 7.0 Stealth
 - Level 14.0 Spellcasting
 - Level 10.0 Conjurations
 - Level 4.0 Necromancy
 - Level 4.0 Translocations
 + Level 4.3 Ice Magic


You had 21 spell levels left.
You knew the following spells:

 Your Spells              Type           Power      Damage    Failure   Level
a - Necrotise             Necr           100%       1d9       1%          1
b - Blink                 Tloc           60%        N/A       1%          2
f - Sticky Flame          Fire/Alch      14%        2d5       12%         4
i - Iskenderun's Mystic   Conj/Tloc      42%        2d10      1%          4
o - Ozocubu's Refrigerat  Ice            15%        4d10      82%         7
s - Shock                 Conj/Air       100%       1d9       1%          1

Your spell library contained the following spells:

 Spells                   Type           Power      Damage    Failure   Level
 Magic Dart               Conj           100%       1d8       1%          1
 Lesser Beckoning         Tloc           60%        N/A       1%          2
 Momentum Strike          Conj/Tloc      84%        3d10      1%          2
 Flame Wave               Conj/Fire      34%        2d10      1%          4
 Vampiric Draining        Necr           30%        2d8       2%          3
 Inner Flame              Hex/Fire       14%        N/A       4%          3
 Fireball                 Conj/Fire      17%        3d9       4%          5
 Call Imp                 Summ           28%        N/A       7%          2
 Animate Dead             Necr           30%        N/A       9%          4
 Curse of Agony           Necr           30%        N/A       24%         5
 Cause Fear               Hex            7%         N/A       41%         4
 Borgnjor's Vile Clutch   Necr/Erth      11%        N/A       50%         5
 Alistair's Intoxication  Alch           9%         N/A       77%         5
 Eringya's Noxious Bog    Alch           7%         4d6       83%         6
 Dragon's Call            Summ           7%         N/A       100%        9


Dungeon Overview and Level Annotations

Branches:
Dungeon (10/15)            Temple (1/1) D:7            Lair (5/5) D:8
 Shoals (0/4) Lair:2       Spider (0/4) Lair:3        Slime (0/5) Lair:4
    Orc (0/2) D:10

Altars:
Ashenzari
Cheibriados
Dithmenos
Elyvilon
Fedhas
Gozag
Hepliaklqana
Kikubaaqudgha
Makhleb
Nemelex Xobeh
Okawaru
Qazlal
Ru
Sif Muna
Trog
Uskayaw
Vehumet
Wu Jian
Xom
Yredelemnul
Zin
The Shining One

Shops:
D:2 *

Annotations:
D:4 mobs
Lair:1 2 runed translucent doors, Nebesus's ghost, journeyman DrSh
Lair:5 exclusions: obsidian statue and oklob plant


Innate Abilities, Weirdness & Mutations

You can breathe corrosive fumes.
Your golden yellow scales are hard. (AC +8)
You cannot fit into any form of body armour.
You are cold-blooded and may be slowed by cold attacks.
You are resistant to acid. (rCorr)


Message History

The spectral dire elephant barely misses you.
The spectral dire elephant trunk-slaps you but does no damage.
Casting: Iskenderun's Mystic Blast (mildly dangerous; 1% risk of failure)
Confirm with . or Enter, or press ? or * to list all spells.
You erupt in a blast of force!
The mystic blast hits the spectral dire elephant.
The spectral dire elephant is heavily damaged.
The spectral dire elephant is knocked back by the mystic blast.
The spectral dire elephant misses you.
The spectral dire elephant completely misses you.
Casting: Iskenderun's Mystic Blast (mildly dangerous; 1% risk of failure)
Confirm with . or Enter, or press ? or * to list all spells.
You erupt in a blast of force!
The mystic blast hits the spectral dire elephant!
The spectral dire elephant is severely damaged.
The spectral dire elephant is knocked back by the mystic blast.
Casting: Iskenderun's Mystic Blast (mildly dangerous; 1% risk of failure)
Confirm with . or Enter, or press ? or * to list all spells.
You erupt in a blast of force!
The mystic blast hits the spectral dire elephant but does no damage.
The spectral dire elephant is severely damaged.
The spectral dire elephant tramples you!
* * * LOW HITPOINT WARNING * * *
You hold your ground!
The spectral dire elephant trunk-slaps you.
* * * LOW HITPOINT WARNING * * *
You feel drained.
* * * LOW HITPOINT WARNING * * *
Unknown command.
Aiming: Caustic Breath
Press: ? - help, Shift-Dir - straight line, f - spectral dire elephant
Aim: a spectral dire elephant (severely damaged, 100% to hit)
You breathe a spray of caustic vapour.
The acid spray hits the spectral dire elephant but does no damage.
The spectral dire elephant is severely damaged.
The spectral dire elephant tramples you!
* * * LOW HITPOINT WARNING * * *
You hold your ground!
The spectral dire elephant trunk-slaps you!
You die...

####### ♣♣.#...#### ♣♣P........#
#.♣P.........###
##..........#...#
#P..♣♣####''#''#### # #♣I♣
#ß..#...Zß# ~##ß...ß## ##+#
#...#..@..+ ≈~'.p.()#ß ##:#
#.#.####.ß# ≈'...((#=
#########'#P...#### #ß...ß#[
#ß.....####....# ######ß ##
#......# ####.### ##ß.ß### .##
#ß.....##♣♣###...#####ß.⌠.ß##
..##########♣....###.............
...♣######♣.......♣########'''###
#...........#..#.................


You could see a spectral dire elephant.

Vanquished Creatures
  Josephine (D:10)
  5 hydras
  An ogre mage (D:10)
  2 catoblepae
  2 boulder beetles
  7 two-headed ogres
  Urug (Lair:2)
  Sonja (D:10)
  Amaemon (Lair:1)
  A spectral death yak (Lair:5)
  3 black mambas
  A meliai (Lair:3)
  2 elephants (Lair:5)
  An orange demon (Lair:2)
  2 torpor snails (Lair:1)
  3 dire elephant zombies (Lair:5)
  12 cane toads
  A rime drake (Lair:5)
  9 komodo dragons
  An unseen horror (D:10)
  A snapping turtle (Lair:2)
  2 polar bears
  5 blink frogs
  5 dream sheep (Lair:5)
  Prince Ribbit (D:6)
  4 wraiths (D:10)
  A water elemental (Lair:2)
  41 yaks
  3 wyverns
  Grum (D:10)
  6 basilisks
  A steam dragon (Lair:2)
  5 spectral cane toads (Lair:5)
  13 water moccasins
  Duvessa (D:4)
  4 ice beasts
  2 orc warriors
  A black bear (D:8)
  An elephant zombie (Lair:5)
  A sky beast (D:7)
  9 wolves
  5 ogres
  3 centaurs
  2 elephant skeletons (Lair:5)
  2 kobold brigands
  3 gnoll sergeants
  14 bullfrogs
  3 scorpions
  A cane toad simulacrum (Lair:5)
  3 wights (D:4)
  Dowan (D:4)
  17 killer bees
  2 howler monkeys
  An electric eel (Lair:2)
  7 jellies
  5 orc priests
  2 bombardier beetles
  3 hounds
  An iron imp (D:5)
  2 sleepcaps
  Jessica (D:3)
  10 iguanas
  7 orc wizards
  10 gnolls
  6 adders
  A white imp (D:6)
  6 ufetubi
  6 dart slugs
  2 ribbon worms
  38 orcs
  7 ball pythons
  7 endoplasms
  3 giant cockroaches
  8 goblins
  5 hobgoblins
  12 jackals
  11 kobolds
  A quokka (D:4)
  7 bats
  3 frilled lizards
  6 rats
399 creatures vanquished.

Vanquished Creatures (collateral kills)
  3 dream sheep (Lair:5)
  A water moccasin (Lair:5)
  A gnoll (D:8)
  An adder (D:5)
  An orc (D:8)
  A quokka (D:2)
  A frilled lizard (D:1)
  2 kobolds (D:10)
  A rat (D:1)
12 creatures vanquished.

Grand Total: 411 creatures vanquished

Notes
Turn   | Place    | Note
-------+----------+-------------------------------------------
     0 | D:1      | ForceOfNegation the Draconian Necromancer began the quest
                  | for the Orb.
     0 | D:1      | Reached XP level 1. HP: 14/14 MP: 3/3
    75 | D:1      | Reached XP level 2. HP: 16/22 MP: 1/5
   326 | D:1      | Reached skill level 1 in Fighting
   538 | D:1      | Reached XP level 3. HP: 19/28 MP: 0/6
  1091 | D:2      | Found a faded altar of an unknown god.
  1395 | D:2      | Found Maedit's Assorted Antiques.
  1408 | D:2      | Bought a scroll labelled GAISSO OSENN for 19 gold pieces
  1408 | D:2      | Bought a scroll labelled RAESAUSTAO for 19 gold pieces
  1408 | D:2      | Bought a grey potion for 17 gold pieces
  1408 | D:2      | Bought a ruby potion for 17 gold pieces
  1462 | D:2      | Reached XP level 4. HP: 36/36 MP: 0/7
  2651 | D:3      | Found a hide-covered altar of Uskayaw.
  2673 | D:3      | Found an ornate altar of the Wu Jian Council.
  2673 | D:3      | Found a sacrificial altar of Ru.
  2686 | D:3      | Found a white marble altar of Elyvilon.
  2689 | D:3      | Found a blossoming altar of Fedhas.
  2874 | D:3      | Reached skill level 3 in Spellcasting
  2874 | D:3      | Reached XP level 5. HP: 10/42 MP: 0/9
  3118 | D:3      | Noticed Jessica
  3123 | D:3      | Killed Jessica
  3161 | D:3      | Found a bloodstained altar of Trog.
  3832 | D:4      | Reached XP level 6. HP: 51/51 MP: 1/10
  4303 | D:5      | Entered Level 5 of the Dungeon
  4307 | D:5      | Noticed Duvessa
  4308 | D:5      | Noticed Dowan
  4721 | D:4      | Found an iron altar of Okawaru.
  4761 | D:4      | Identified the scarf of Telastra {rC+ rF+, *Slow Dex+4
                  | Slay+5}
  4866 | D:5      | Found a sparkling altar of Nemelex Xobeh.
  4890 | D:5      | Noticed an ice beast
  4905 | D:5      | Killed an ice beast
  5206 | D:5      | Your scales start taking on a golden yellow colour.
  5206 | D:5      | Reached XP level 7. HP: 38/58 MP: 12/12
  5206 | D:5      | Gained mutation: You are resistant to acid. (rCorr) [Yellow
                  | Draconian growth]
  5318 | D:5      | Learned a level 2 spell: Blink
  5407 | D:5      | Found a burning altar of Makhleb.
  5419 | D:5      | Reached skill level 4 in Spellcasting
  5419 | D:5      | Reached skill level 1 in Translocations
  6521 | D:6      | Reached XP level 8. HP: 67/67 MP: 10/14
  7136 | D:6      | Reached skill level 5 in Fighting
  7336 | D:6      | Reached skill level 5 in Stealth
  7636 | D:6      | Noticed Prince Ribbit
  7669 | D:6      | Killed Prince Ribbit
  7670 | D:6      | Reached skill level 5 in Dodging
  7670 | D:6      | Reached skill level 5 in Spellcasting
  8050 | D:7      | Identified the ring of Limitation {Str+6 Dex+2}
  8318 | D:7      | Found a staircase to the Ecumenical Temple.
  8347 | Temple   | Entered the Ecumenical Temple
  8354 | Temple   | Became a worshipper of Vehumet
  8377 | D:7      | Reached XP level 9. HP: 75/75 MP: 11/16
  8797 | D:7      | Found a glowing golden altar of the Shining One.
  9210 | D:8      | Noticed a two-headed ogre
  9881 | D:8      | Found a staircase to the Lair.
  9903 | D:8      | Reached skill level 6 in Spellcasting
 10138 | D:8      | Killed a two-headed ogre
 10139 | D:8      | Reached skill level 7 in Spellcasting
 10139 | D:8      | Reached XP level 10. HP: 51/88 MP: 17/20
 11082 | D:9      | Reached * piety under Vehumet
 11082 | D:9      | Offered knowledge of Shock by Vehumet.
 11208 | D:9      | Learned a level 1 spell: Shock
 11459 | D:9      | Reached skill level 1 in Conjurations
 11673 | D:9      | Reached skill level 8 in Spellcasting
 12190 | D:9      | Noticed a two-headed ogre
 12209 | D:9      | Killed a two-headed ogre
 12636 | D:10     | Entered Level 10 of the Dungeon
 12664 | D:10     | Reached skill level 10 in Fighting
 12830 | D:10     | Noticed Sonja
 12838 | D:10     | Killed Sonja
 12839 | D:10     | Reached skill level 9 in Spellcasting
 12839 | D:10     | Reached XP level 11. HP: 42/99 MP: 19/24
 13057 | D:10     | Noticed Grum
 13090 | D:10     | Killed Grum
 13254 | D:10     | Noticed Josephine
 13275 | D:10     | Killed Josephine
 13275 | D:10     | Reached ** piety under Vehumet
 13275 | D:10     | Offered knowledge of Sandblast by Vehumet.
 13294 | D:10     | Noticed a two-headed ogre
 13700 | D:10     | Reached skill level 10 in Spellcasting
 14035 | D:10     | Noticed a two-headed ogre
 14035 | D:10     | Noticed a two-headed ogre
 14359 | D:10     | Found a staircase to the Orcish Mines.
 14447 | D:10     | Offered knowledge of Mercury Vapours by Vehumet.
 14692 | D:10     | Noticed an ogre mage
 14694 | D:10     | Noticed a two-headed ogre
 14726 | D:10     | Noticed a two-headed ogre
 14747 | D:10     | Killed an ogre mage
 14874 | D:10     | Noticed a two-headed ogre
 14884 | D:10     | Killed a two-headed ogre
 14974 | D:10     | Found a glowing silver altar of Zin.
 15080 | D:10     | Killed a two-headed ogre
 15137 | D:10     | Killed a two-headed ogre
 15372 | D:10     | Killed a two-headed ogre
 15373 | D:10     | Reached skill level 11 in Spellcasting
 15568 | D:10     | Killed a two-headed ogre
 15834 | D:4      | Paralysed by a wight for 4 turns
 15982 | D:4      | Reached *** piety under Vehumet
 16350 | D:4      | Killed Duvessa
 16358 | D:4      | Killed Dowan
 16533 | Lair:1   | Entered Level 1 of the Lair of Beasts
 16635 | D:8      | Reached XP level 12. HP: 51/106 MP: 21/27
 17772 | Lair:1   | Noticed a catoblepas
 17797 | Lair:1   | Killed a catoblepas
 18142 | D:8      | Reached skill level 12 in Spellcasting
 18327 | Lair:1   | Found a snail-covered altar of Cheibriados.
 18506 | Lair:1   | Offered knowledge of Sticky Flame by Vehumet.
 18512 | Lair:1   | Learned a level 4 spell: Sticky Flame
 18857 | Lair:1   | Found a large runed translucent door.
 18857 | Lair:1   | Found a large runed translucent door.
 18881 | Lair:1   | Noticed an eight-headed hydra
 18891 | Lair:1   | Killed an eight-headed hydra
 19133 | Lair:1   | Noticed Nebesus's ghost (journeyman DrSh)
 19446 | Lair:1   | Reached skill level 10 in Dodging
 19514 | Lair:2   | Noticed Urug
 19514 | Lair:2   | Noticed a boulder beetle
 19514 | Lair:2   | Noticed an eight-headed hydra
 19537 | Lair:1   | Killed a boulder beetle
 19685 | Lair:1   | Reached skill level 13 in Spellcasting
 19950 | Lair:2   | Killed Urug
 20266 | Lair:2   | Killed an eight-headed hydra
 20360 | Lair:2   | Noticed Amaemon
 20374 | Lair:1   | Killed Amaemon
 20374 | Lair:1   | Reached **** piety under Vehumet
 20724 | Lair:2   | Reached XP level 13. HP: 113/113 MP: 26/30
 20928 | Lair:2   | Reached skill level 14 in Spellcasting
 21154 | Lair:2   | Found a staircase to the Shoals.
 21433 | Lair:3   | Offered knowledge of Iskenderun's Mystic Blast by Vehumet.
 21487 | Lair:3   | Learned a level 4 spell: Iskenderun's Mystic Blast
 21609 | Lair:3   | Reached skill level 5 in Conjurations
 21730 | Lair:3   | Found a hole to the Spider Nest.
 22107 | Lair:3   | Identified the +8 hand axe "Hoclob" {freeze, rF+ Int+4}
 22550 | Lair:4   | Found a staircase to the Slime Pits.
 23620 | Lair:5   | Entered Level 5 of the Lair of Beasts
 23733 | Lair:5   | Reached ***** piety under Vehumet
 23733 | Lair:5   | Offered knowledge of Ozocubu's Refrigeration by Vehumet.
 24263 | Lair:5   | Noticed a dire elephant
 24264 | Lair:5   | Noticed a dire elephant
 24846 | Lair:5   | Learned a level 7 spell: Ozocubu's Refrigeration
 25036 | Lair:5   | Reached skill level 1 in Ice Magic
 25040 | Lair:5   | Reached skill level 10 in Conjurations
 25983 | Lair:5   | Slain by a spectral dire elephant

Illustrated notes

Levels and vault maps discovered:
D:1:      lightli_arrival_chessboard, layout_basic
D:2:      wander_river, layout_rooms, serial_shops, nicolae_shop_waterfront,
          serial_forest, infiniplex_forest_lined_3,
          infiniplex_forest_lined_ring, infiniplex_forest_clump_large,
          infiniplex_forest_lined_2, infiniplex_forest_clump_small,
          infiniplex_forest_straight_2, infiniplex_forest_lined_room_,
          infiniplex_forest_straight_1, infiniplex_forest_lined_3,
          hellmonk_ecumenical_altar_slurped_away
D:3:      layout_basic, lemuel_coloured_pillars_altar,
          minmay_overflow_temple_star_hex, kennysheep_generic_room_13,
          uniq_jessica
D:4:      layout_basic, nicolae_overflow_crystal_walls
D:5:      layout_basic, nemelex_xobeh_ov_fountains_minmay, demons_altar,
          dreamdust_wishing_well, uniq_duvessa
D:6:      layout_loops_ring, kennysheep_small_square, uniq_prince_ribbit1
D:7:      layout_loops_ring, kennysheep_mini_moat, minmay_temple_entry_wispy,
          enter_bailey_8
D:8:      layout_basic, minmay_lair_entry_grove, kb_lookout_dungeons_type
D:9:      layout_long_grid, nrook_pool_corridor, nicolae_benzene_ring
D:10:     layout_basic, lemuel_round_altar, hiddenorc1_lemuel, uniq_grum,
          uniq_sonja, uniq_josephine
Temple:   minmay_freezing_vapour_temple
Lair:1:   beast_lair_carwin_large_3, layout_regular_city,
          ebering_ghost_disaster_area, kennysheep_snail_temple,
          grunt_megastairs_5
Lair:2:   layout_cave_shapes, minmay_shoals_entry_hut, uniq_amaemon, uniq_urug
Lair:3:   layout_loops_ring, hellmonk_spider_entry_not_the_bees
Lair:4:   layout_hall_layers, nicolae_slime_entry_field_trip
Lair:5:   due_jungle_book, layout_loops_ring, serial_forest,
          infiniplex_forest_end_3, infiniplex_forest_clump_diagonal,
          infiniplex_forest_straight_2, infiniplex_forest_lined_3,
          infiniplex_forest_clump_C, infiniplex_forest_zigzag_1,
          infiniplex_forest_lined_2, infiniplex_forest_corner_2,
          infiniplex_forest_clump_C, st_stairs_13, minivault_25,
          chequers_serial_rivers_micro_a

Skill      XL: |  1  2  3  4  5  6  7  8  9 10 11 12 13 |
---------------+----------------------------------------+-----
Stealth        | 2 3 4 5 7 |  7.0
Dodging        | 2 3 4 5 6 8 10 | 10.0
Fighting       | 1 2 3 4 5 8 10 | 10.0
Spellcasting   | 3 4 5 7 9 11 13 14 | 14.0
Translocations | 2 4 |  4.0
Conjurations   | 4 10 | 10.0
Ice Magic      | 4 |  4.3
Necromancy     | |  4.0

Action                     |  1- 3 |  4- 6 |  7- 9 | 10-12 | 13-15 || total
---------------------------+-------+-------+-------+-------+-------++-------
  Melee: Unarmed           |    40 |    31 |       |       |       ||    71
         Tailslap          |     5 |     5 |    23 |    72 |    29 ||   134
         Short sword       |       |    25 |    82 |     3 |       ||   110
         Dagger            |       |       |       |   263 |   123 ||   386
   Cast: Necrotise         |    77 |   140 |   285 |   176 |       ||   678
         Shock             |       |       |       |   538 |   161 ||   699
         Blink             |       |       |       |     1 |       ||     1
         Sticky Flame      |       |       |       |    29 |    73 ||   102
         Iskenderun's Myst |       |       |       |       |    55 ||    55
Ability: Caustic Breath    |       |       |     3 |     6 |     2 ||    11
  Evoke: Wand              |       |       |       |     1 |    10 ||    11
    Use: Potion            |       |     1 |     3 |     2 |     3 ||     9
         Scroll            |       |       |     9 |     3 |     6 ||    18
   Stab: Sleeping          |       |     2 |     1 |     1 |     1 ||     5
         Paralysed         |       |       |       |       |     6 ||     6
         Petrified         |       |       |       |       |     3 ||     3
 Armour: Skin              |    35 |   127 |   152 |   337 |   173 ||   824
  Dodge: Dodged            |    61 |    90 |   227 |   652 |   272 ||  1302

Table legend: (Time is in decaauts)
 A = Elapsed time spent in this place.
 B = Non-inter-level travel time spent in this place.
 C = Inter-level travel time spent in this place.
 D = Time resting spent in this place.
 E = Time spent auto-exploring this place.
 F = Levels seen in this place.
 G = Mean time per level.
                   A        B        C        D        E       F      G
               +--------+--------+--------+--------+--------+-----+--------+
         Total |  26106 |  24817 |   1289 |   4982 |  16013 |  16 | 1631.6 |
       Dungeon |  17504 |  16383 |   1121 |   2888 |  11078 |  10 | 1750.4 |
        Temple |     12 |      7 |      5 |      0 |      0 |   1 |   12.0 |
          Lair |   8588 |   8426 |    162 |   2094 |   4935 |   5 | 1717.6 |
               +--------+--------+--------+--------+--------+-----+--------+

Top non-repeatable levels by time:
    D:10: 3006 daAuts
     D:8: 2914 daAuts
  Lair:1: 2626 daAuts
  Lair:5: 2147 daAuts
     D:5: 1813 daAuts
     D:4: 1811 daAuts
     D:9: 1790 daAuts
     D:3: 1558 daAuts
     D:6: 1448 daAuts
  Lair:2: 1351 daAuts
  Lair:3: 1327 daAuts
     D:7: 1188 daAuts
     D:2: 1146 daAuts
  Lair:4: 1135 daAuts
     D:1: 826 daAuts
